 Dungeon Crawl Stone Soup version 0.29.0-11-gd7f09526c8 (webtiles) character file.

Game seed: 6064385695654788501

63013 mdonais the Covert (level 15, -2/99 HPs)
             Began as an Octopode Cinder Acolyte on Sept 7, 2022.
             Was an Initiate of Gozag.
             Slain by a seven-headed hydra (14 damage)
             ... on level 5 of the Lair of Beasts.
             The game lasted 02:44:26 (37943 turns).

mdonais the Covert (Octopode Cinder Acolyte)       Turns: 37943, Time: 02:44:27

Health: -2/99      AC:  3    Str: 12    XL:     15   Next: 8%
Magic:  18/27      EV: 22    Int: 29    God:    Gozag
Gold:   1468       SH:  5    Dex: 15    Spells: 5/30 levels left

rFire   + + .      SeeInvis +   E - +4 falchion "Urino" {holy, rPois Int+4}
rCold   . . .      Faith    .   n - +0 buckler
rNeg    + . .      Spirit   .   H - +2 hat
rPois   +          Reflect  .   t - amulet "Kissoeth" {RegenMP Fragile rN+ Dex+5}
rElec   .          Harm     .   m - ring of flight
rCorr   +          Rampage  .   w - +4 ring of evasion
Will    ++...                   q - ring of willpower
Stlth   ++++++....              N - +4 ring of evasion
HPRegen 0.26/turn               o - ring of poison resistance
MPRegen 0.60/turn               l - ring of fire
                                s - ring of see invisible
                                e - ring of Xom's Full Attention {rF+ rC+ rCorr Str+2}

@: about to teleport, gold aura, flying, very slightly contaminated
A: almost no armour, amphibious, 8 rings, camouflage 1, gelatinous body 1,
(nimble swimmer 1), tentacles, clever 1, weak 1
a: Renounce Religion, Potion Petition, Call Merchant, Bribe Branch


You were on level 5 of the Lair of Beasts.
You worshipped Gozag.
Gozag was most pleased with you.
You visited 4 branches of the dungeon, and saw 20 of its levels.
You also visited: Ossuary, Bailey, Gauntlet and Volcano.

You collected 6440 gold pieces.
You spent 1502 gold pieces at shops.
You paid 3470 gold pieces to Gozag.

Inventory:

Hand Weapons
 p - the +9 dagger of the Insatiable Dreams {flame, rN+ Will- Stlth+}
   (You found it on level 3 of the Dungeon)

   It burns those it strikes, dealing additional fire damage.
   rN:        It protects you from negative energy.
   Will:      It decreases your willpower.
   Stlth:     It makes you more stealthy.
 E - the +4 falchion "Urino" (weapon) {holy, rPois Int+4}
   (You found it on level 7 of the Dungeon)

   It has been blessed by the Shining One to cause great damage to the undead
   and demons.
   Int:       It affects your intelligence (+4).
   rPois:     It protects you from poison.
Missiles
 u - 3 silver boomerangs
 v - 8 javelins
 F - 6 curare-tipped darts (quivered)
 G - 5 datura-tipped darts
 J - 5 atropa-tipped darts
 Z - 2 throwing nets {=!f}
Armour
 n - a +0 buckler (worn)
   (You found it on level 12 of the Dungeon)
 H - a +2 hat (worn)
   (You found it on level 4 of the Lair of Beasts)
Magical Staves
 g - a staff of poison
   (You found it on level 1 of the Dungeon)
 W - a staff of earth
   (You found it on level 1 of the Lair of Beasts)
Jewellery
 e - the ring of Xom's Full Attention (on tentacle) {rF+ rC+ rCorr Str+2}
   (You found it in a Gauntlet)

   [ring of protection from fire]

   Str:       It affects your strength (+2).
   rF:        It protects you from fire.
   rC:        It protects you from cold.
   rCorr:     It protects you from acid and corrosion.
 l - a ring of fire (on tentacle)
   (You found it on level 1 of the Lair of Beasts)
 m - a ring of flight (left tentacle)
   (You found it in an ossuary)
 o - a ring of poison resistance (on tentacle)
   (You found it on level 1 of the Lair of Beasts)
 q - a ring of willpower (on tentacle)
   (You found it on level 10 of the Dungeon)
 s - a ring of see invisible (on tentacle)
   (You found it on level 1 of the Orcish Mines)
 t - the amulet "Kissoeth" (around mantle) {RegenMP Fragile rN+ Dex+5}
   (You found it in a Gauntlet)

   [amulet of magic regeneration]

   It increases your rate of magic regeneration.
   Dex:       It affects your dexterity (+5).
   rN:        It protects you from negative energy.
   Fragile:   It will be destroyed if unequipped.
 w - a +4 ring of evasion (right tentacle)
   (You took it off an orc on level 5 of the Dungeon)
 N - a +4 ring of evasion (on tentacle)
   (You found it on level 11 of the Dungeon)
Wands
 A - a wand of acid (15)
   (You found it on level 4 of the Dungeon)
 D - a wand of digging (12)
   (You found it on level 9 of the Dungeon)
 I - a wand of iceblast (12)
   (You found it on level 1 of the Lair of Beasts)
 P - a wand of paralysis (9)
   (You found it on level 3 of the Lair of Beasts)
 V - a wand of flame (30)
   (You took it off Ijyb on level 4 of the Dungeon)
Scrolls
 b - 2 scrolls of butterflies
 f - 2 scrolls of enchant weapon
 i - 4 scrolls of enchant armour
 j - a scroll of amnesia
 k - 5 scrolls of immolation
 C - 5 scrolls of vulnerability
 O - 5 scrolls of poison
 S - a scroll of silence
 T - a scroll of teleportation
Potions
 a - 2 potions of brilliance
 c - a potion of cancellation
 d - 3 potions of mutation
 h - 3 potions of attraction
 z - 3 potions of berserk rage
 K - 3 potions of might
 L - a potion of resistance
 M - 4 potions of lignification
 Q - 6 potions of curing
 R - a potion of heal wounds
 Y - a potion of invisibility
Miscellaneous
 x - a lightning rod (4/4)
   (You bought it in a shop on level 11 of the Dungeon)
 U - a phial of floods
   (You found it in a Gauntlet)
 X - a box of beasts (inert)
   (You found it on level 10 of the Dungeon)


   Skills:
 - Level 8.0 Fighting
 - Level 7.0 Short Blades
 - Level 4.0 Throwing
 - Level 4.0 Dodging
 - Level 11.4 Stealth
 - Level 4.0 Shields
 + Level 8.4 Spellcasting
 - Level 11.0 Conjurations
 - Level 6.0 Hexes
 + Level 8.6 Summonings
 - Level 2.0 Necromancy
 + Level 8.4 Fire Magic
 - Level 4.0 Ice Magic
 - Level 8.0 Air Magic
 - Level 7.0 Evocations


You had 5 spell levels left.
You knew the following spells:

 Your Spells              Type           Power      Damage    Failure   Level
a - Scorch                Fire           100%       2d10      1%          2
b - Fireball              Conj/Fire      40%        3d16      2%          5
c - Summon Guardian Gole  Hex/Summ       53%        N/A       1%          3
d - Call Canine Familiar  Summ           58%        N/A       1%          3
e - Lightning Bolt        Conj/Air       30%        1d47      3%          5
f - Ensorcelled Hibernat  Hex/Ice        82%        N/A       1%          2
g - Necrotise             Necr           92%        1d8       2%          1
h - Apportation           Tloc           24%        N/A       5%          1
i - Swiftness             Air            55%        N/A       1%          3

Your spell library contained the following spells:

 Spells                   Type           Power      Damage    Failure   Level
 Summon Small Mammal      Summ           100%       N/A       1%          1
 Static Discharge         Conj/Air       61%        3-11/arc  1%          2
 Iskenderun's Battlesphe  Conj           66%        2d12      1%          5
 Sting                    Tmut/Pois      48%        1d5       5%          1
 Ignite Poison            Fire/Tmut/Pois 42%        N/A       5%          3
 Passwall                 Tmut/Erth      10%        N/A       9%          2
 Anguish                  Hex/Necr       17%        N/A       11%         4
 Spider Form              Tmut/Pois      12%        N/A       17%         3
 Dispel Undead            Necr           23%        3d12      24%         4
 Agony                    Necr           23%        N/A       56%         5
 Borgnjor's Vile Clutch   Necr/Erth      8%         N/A       71%         5
 Alistair's Intoxication  Tmut/Pois      8%         N/A       83%         5
 Conjure Ball Lightning   Conj/Air       30%        3x3d10    17%         6
 Orb of Destruction       Conj           33%        9d10      45%         7
 Spellforged Servitor     Conj/Summ      31%        N/A       63%         7
 Eringya's Noxious Bog    Tmut/Pois      6%         N/A       100%        6
 Malign Gateway           Summ/Tloc      18%        N/A       100%        7
 Maxwell's Capacitive Co  Air            27%        ∞         100%        8
 Summon Horrible Things   Summ           29%        N/A       100%        8
 Animate Dead             Necr           Unusable   N/A       N/A         4

Dungeon Overview and Level Annotations

Branches:
Dungeon (12/15) Zot: 25056  Temple (1/1) D:5 Zot: 5836    Lair (5/5) D:11 Zot: 19215
 Shoals (0/4) Lair:3        Snake (0/4) Lair:2        Slime (0/5) Lair:4
    Orc (2/2) D:12 Zot: 7297     Elf (0/3) Orc:2       Ossuary (visited)
 Bailey (visited)         Volcano (visited)         Gauntlet (visited)

Altars:
Ashenzari
Cheibriados
Dithmenos
Elyvilon
Fedhas
Gozag
Hepliaklqana
Kikubaaqudgha
Makhleb
Nemelex Xobeh
Okawaru
Qazlal
Ru
Sif Muna
Trog
Uskayaw
Vehumet
Wu Jian
Xom
Yredelemnul
Zin
The Shining One
Jiyva

Shops:
D:11 *   D:12 :   Orc:1 (   Orc:2 [(([   Lair:1 :?

Annotations:
Lair:5 Hildebrand's ghost, journeyman MiBe


Innate Abilities, Weirdness & Mutations

You cannot wear most types of armour.
You are amphibious.
You can wear up to eight rings at the same time.
Your skin changes colour to match your surroundings (Stealth+).
Your rubbery body absorbs attacks. (AC +1, EV +1)
((You are camouflaged when in or above water. (Stealth+)))
You have tentacles for arms and can constrict up to eight enemies at once.
Your mind is acute. (Int +4, Str/Dex -1)
You are weak. (Str -2)


Message History

Your wolf bites the elephant but does no damage.
Your wolf bites the elephant!
The elephant barely misses your wolf. The elephant misses your wolf.
What are your orders? t - Shout!
Orders for allies: a - Attack new target. r - Retreat! s - Stop attacking. g - Guard the area. f - Follow me.
Anything else - Cancel.
Gang up on whom?
Press: ? - help, Dir - move target, f - elephant
Aim: an elephant (lightly wounded, ally target) Attack!
Your wolf bites the elephant.
The elephant tramples your wolf!
Your wolf stumbles backwards!
Your wolf bites the elephant!
Your guardian golem overheats!
Your yak gores the plant.
The plant begins to die.
MP restored: 27 Your wolf bites the elephant!
Your cane toad stings the elephant!!
Your wolf bites the elephant but does no damage.
Your yak barely misses the elephant.
Your yak gores the elephant!
Your wolf bites the elephant!
The elephant tramples your wolf but does no damage.
The elephant trunk-slaps your wolf but does no damage.
The elephant misses your wolf. x2; The elephant tramples your yak.
Your yak stumbles backwards!
Flame seeps out of your guardian golem.
Your cane toad stings the elephant but does no damage.
Your cane toad stings the elephant!!
The elephant dies!
Your guardian golem is engulfed in blazing flames.
Flame seeps out of your guardian golem.
Okay, then.
Unknown command.
Your cane toad stings the elephant but does no damage.
Your cane toad stings the elephant.
The elephant closely misses your cane toad.
The elephant trunk-slaps your cane toad but does no damage.
Your wolf completely misses the elephant.
Your yak gores the elephant! x2
Your guardian golem is engulfed in blazing flames.
Flame seeps out of your guardian golem.
A nearby plant withers and dies.
Your wolf bites the elephant.
Your cane toad stings the elephant.
Your cane toad stings the elephant!
The elephant is poisoned.
Your cane toad poisons the elephant!
The elephant completely misses your cane toad.
The elephant trunk-slaps your cane toad but does no damage.
Your yak gores the elephant but does no damage.
Your cane toad stings the elephant.
Your yak gores the elephant!
Your yak gores the elephant. x2; Your cane toad stings the elephant!
The elephant looks as sick as possible!
Your cane toad poisons the elephant!
The elephant dies!
Your wolf barely misses the elephant.
The blink frog is distracted by your dazzling golden aura.
Your cane toad barely misses the elephant.
The blink frog croaks.
Your life force feels restored.
What are your orders? t - Shout!
Orders for allies: a - Attack new target. r - Retreat! s - Stop attacking. g - Guard the area. f - Follow me.
Anything else - Cancel.
Gang up on whom?
Press: ? - help, Dir - move target, f - elephant
Aim: an elephant (moderately wounded, ally target) Attack!
The small abomination is distracted by your dazzling golden aura.
Your wolf barely misses the blink frog.
The elephant tramples your guardian golem.
Flame seeps out of your guardian golem.
Your guardian golem stumbles backwards!
Your cane toad stings the elephant!
Your yak gores the blink frog.
The blink frog is no longer distracted by gold.
What are your orders? t - Shout!
Orders for allies: a - Attack new target. p - Attack previous target. r - Retreat! s - Stop attacking. g - Guard the area. f - Follow me.
Anything else - Cancel.
Gang up on whom?
Press: ? - help, Dir - move target, f/p - elephant
Aim: an elephant (flame, heavily wounded, ally target) Attack!
Your wolf bites the blink frog!
The elephant is engulfed in blazing flames.
The elephant tramples your guardian golem but does no damage.
The elephant trunk-slaps your guardian golem but does no damage.
Your cane toad stings the elephant!! x2
The elephant dies!
Your yak closely misses the small abomination.
Your guardian golem disappears in a puff of smoke!
Your wolf barely misses the small abomination. x2
Your yak dissolves into shadows!
The blink frog is distracted by your dazzling golden aura.
Something completely misses your wolf.
Your yak misses the blink frog.
Your cane toad closely misses the blink frog.
Your cane toad barely misses the blink frog.
Your yak dissolves into shadows!
The elephant tramples your yak!
Your yak stumbles backwards!
Your yak dies!
Your yak's corpse dissolves into shadows!
Your cane toad stings the blink frog!!
The blink frog dies!
Your wolf bites the small abomination!
The small abomination hits your wolf.
Your wolf dies!
Your wolf's corpse disappears in a puff of smoke!
Your yak dissolves into shadows!
Your cane toad stings the elephant!!
The elephant is poisoned.
Your cane toad poisons the elephant!
As you read the scroll of teleportation, it crumbles to dust.
You feel strangely unstable.
Your cane toad stings the elephant but does no damage.
Your cane toad stings the small abomination!!
The small abomination is destroyed!
The elephant tramples your cane toad!
Your cane toad stumbles backwards!
Your yak gores the elephant but does no damage.
Casting: Summon Guardian Golem (safe; 1% risk of failure)
Confirm with . or Enter, or press ? or * to list all spells.
Aiming: Fireball (dangerous; 2% risk of failure)
Press: ? - help, Shift-Dir - straight line You feel a surge of power!
The fireball explodes!
The fireball engulfs the seven-headed hydra!!!
The seven-headed hydra is severely wounded.
Your cane toad stings the elephant!
The elephant completely misses your cane toad.
The elephant trunk-slaps your cane toad.
Your cane toad completely misses the elephant.
Your cane toad stings the elephant but does no damage.
Your yak gores the elephant but does no damage.
You now have 22/27 mp.
Casting: Fireball (dangerous; 2% risk of failure)
Confirm with . or Enter, or press ? or * to list all spells.
Aiming: Fireball (dangerous; 2% risk of failure)
Press: ? - help, Shift-Dir - straight line You feel a surge of power!
You miscast Fireball.
You are very lightly contaminated with residual magic.
Nothing appears to happen.
The elephant tramples your cane toad!!
Your cane toad holds its ground!
Your cane toad dies!
Your cane toad's corpse dissolves into shadows!
The elephant is distracted by your dazzling golden aura.
Your cane toad stings the elephant!
The elephant is no longer distracted by gold.
Your yak gores the elephant but does no damage.
You now have 18/27 mp.
The seven-headed hydra attacks as you move away!
The seven-headed hydra bites you.
* * * LOW HITPOINT WARNING * * *
The seven-headed hydra barely misses you.
You block the seven-headed hydra's attack. x2
The seven-headed hydra bites you!
You die...
Your body crumbles into a pile of gold.

............## ###..........#**
#P...........## ###...########
#............P## #.......##.#
.##........F..P#*## ##......##.#.
##........$....##.###............
*........#.$Y.F..##..#...........
,........#.$.YY.$.#..............
,......###......#................
,...###* #.....#@D..............<
*..,* ##....##..P.............
*.*** #.P#####.####...P##..#. ***
#### #.# ###.P*#.### ### ###*###


You could see a seven-headed hydra, 2 elephants, a blink frog, a friendly yak
(summoned) and a friendly cane toad (summoned).

Vanquished Creatures
  Rupert (D:12)
  A minotaur (Gauntlet)
  Josephine (D:12)
  2 boulder beetles
  A death yak (Lair:4)
  A hell hog (Gauntlet)
  An orc knight (Orc:2)
  4 deep elf pyromancers (Volcano)
  2 orc sorcerers (Orc:2)
  An oklob plant (Lair:4)
  A cyclops (D:12)
  10 elephants
  Maurice (D:12)
  4 black mambas
  4 cane toads
  A rime drake (Lair:1)
  An ancient zyme (Lair:5)
  9 komodo dragons
  A polar bear (Lair:2)
  2 trolls
  A tyrant leech (Lair:4)
  A queen bee (Gauntlet)
  13 blink frogs
  Sigmund (D:5)
  2 shadows
  4 wraiths
  11 yaks
  3 wyverns
  4 fire bats (Gauntlet)
  2 basilisks
  Eustachio (D:4)
  2 vampire mosquitoes (D:12)
  18 fire elementals
  A steam dragon (Lair:1)
  Menkaure (D:4)
  4 wargs
  2 swamp worms (Lair:4)
  4 acid dragons
  A naga (Lair:2)
  7 water moccasins
  5 hell hounds
  21 orc warriors
  2 ice beasts (D:8)
  3 sky beasts
  3 black bears
  20 wolves
  4 ogres
  3 centaurs
  2 phantoms (D:7)
  5 kobold brigands
  2 elf zombies (D:5)
  6 bullfrogs
  A gnoll sergeant (D:5)
  11 scorpions
  2 necrophages
  5 jellies
  30 killer bees
  4 howler monkeys
  2 centaur zombies (Ossuary)
  4 hounds
  2 human zombies
  A human skeleton (D:5)
  20 orc priests
  5 iguanas
  7 scorpion zombies (Ossuary)
  Ijyb (D:4)
  Terence (D:2)
  29 orc wizards
  6 hell rats (Lair:5)
  3 mummies (Ossuary)
  15 gnolls
  6 adders
  4 shadow imps
  3 white imps
  A worm (D:2)
  2 dart slugs
  82 orcs
  4 ball pythons
  6 endoplasms
  5 giant cockroaches
  A gnoll zombie (Ossuary)
  6 goblins
  3 hobgoblins
  19 kobolds
  A quokka (D:3)
  2 bats (D:1)
  2 frilled lizards
  A goblin zombie (Ossuary)
  3 hobgoblin zombies (Ossuary)
  3 kobold zombies (Ossuary)
  An orc skeleton (D:5)
  5 orc zombies
  5 rats
522 creatures vanquished.

Vanquished Creatures (collateral kills)
  The ghost of middlethird the Carver, a journeyman VSIE of Gozag (Orc:1)
  An orc high priest (Orc:2)
  A deep elf pyromancer (Volcano)
  2 orc knights (Orc:2)
  4 elephants (Lair:5)
  A manticore (D:12)
  A black mamba (Lair:4)
  An unseen horror (D:11)
  A komodo dragon (Lair:5)
  A kobold demonologist (D:12)
  A troll (D:9)
  A queen bee (Gauntlet)
  A blink frog (Lair:5)
  A vampire (D:11)
  A yak (Lair:1)
  7 fire elementals
  A naga (Lair:2)
  A swamp worm (Lair:4)
  A warg (Orc:2)
  A water moccasin (Lair:2)
  8 orc warriors
  2 ogres (Orc:1)
  A wolf (Lair:1)
  A centaur (D:11)
  7 kobold brigands
  A bullfrog (D:9)
  2 small abominations (Lair:5)
  2 killer bees
  2 orc priests (Orc:2)
  A jelly (Lair:4)
  2 iguanas (Lair:1)
  3 orc wizards
  A hell rat (Lair:5)
  2 gnolls (D:12)
  23 orcs
  10 kobolds
98 creatures vanquished.

Vanquished Creatures (others)
  An orc warlord (Orc:2)
  3 hydras
  3 two-headed ogres
  2 death yaks (Lair:4)
  An orc high priest (Orc:1)
  A deep elf archer (Volcano)
  An orc sorcerer (Orc:2)
  An elephant (Lair:3)
  Joseph (D:8)
  A cane toad (Lair:3)
  Maggie (D:8)
  An unseen horror (D:11)
  A kobold demonologist (D:12)
  5 komodo dragons
  2 trolls
  A snapping turtle (Lair:3)
  3 blink frogs (Lair:3)
  2 wraiths (D:12)
  12 yaks
  A wyvern (Lair:3)
  A warg (Orc:1)
  7 orc warriors
  A human (D:8)
  10 wolves
  8 centaurs (D:11)
  A kobold brigand (D:12)
  A gnoll sergeant (D:12)
  2 bullfrogs
  2 orc priests
  A gnoll bouda (D:8)
  2 orc wizards
  5 orcs
  A bush (Lair:3)
  21 demonic plants (Gauntlet)
  58 foxfires
  26 fungi
  48 plants
239 creatures vanquished.

Grand Total: 859 creatures vanquished

Notes
Turn   | Place    | Note
-------+----------+-------------------------------------------
     0 | D:1      | mdonais the Octopode Cinder Acolyte began the quest for the
                  | Orb.
     0 | D:1      | Reached XP level 1. HP: 16/16 MP: 2/2
    37 | D:1      | Reached skill level 1 in Stealth
   284 | D:1      | Found a faded altar of an unknown god.
   397 | D:1      | Reached XP level 2. HP: 21/21 MP: 3/3
   665 | D:1      | Learned a level 2 spell: Scorch
   667 | D:1      | Learned a level 1 spell: Necrotise
   713 | D:2      | Found a sacrificial altar of Ru.
  1027 | D:2      | Noticed Terence
  1332 | D:2      | Reached XP level 3. HP: 26/26 MP: 1/4
  2105 | D:3      | Noticed an ogre
  2107 | D:3      | Reached skill level 1 in Necromancy
  2310 | D:3      | Reached XP level 4. HP: 31/31 MP: 1/6
  2532 | D:3      | Identified the +9 dagger of the Insatiable Dreams {flame,
                  | rN+ Will- Stlth+}
  2710 | D:4      | Reached XP level 5. HP: 30/36 MP: 1/8
  2785 | D:4      | Found a white marble altar of Elyvilon.
  2857 | D:4      | Noticed a black bear
  3113 | D:3      | Killed an ogre
  3114 | D:3      | Reached skill level 5 in Stealth
  3114 | D:3      | Reached XP level 6. HP: 42/42 MP: 4/9
  3306 | D:4      | Killed a black bear
  3652 | D:4      | Noticed Menkaure
  3667 | D:4      | Killed Menkaure
  3668 | D:4      | Reached skill level 1 in Evocations
  3668 | D:4      | Reached XP level 7. HP: 34/46 MP: 1/10
  3752 | D:4      | Noticed Ijyb
  3763 | D:4      | Killed Ijyb
  3803 | D:4      | Noticed Eustachio
  3945 | D:4      | Killed Eustachio
  4360 | D:4      | Learned a level 1 spell: Apportation
  4490 | D:2      | Killed Terence
  4813 | D:2      | Found a sacrificial altar of Ru.
  4902 | D:5      | Entered Level 5 of the Dungeon
  4942 | D:5      | Reached XP level 8. HP: 49/54 MP: 11/11
  4993 | D:5      | Reached skill level 5 in Fire Magic
  5162 | D:5      | Found a sand-covered staircase.
  5214 | Ossuary  | Entered an ossuary
  5352 | Ossuary  | Reached skill level 5 in Fighting
  5352 | Ossuary  | Reached skill level 5 in Short Blades
  5586 | Ossuary  | Learned a level 2 spell: Ensorcelled Hibernation
  5641 | Ossuary  | Reached skill level 1 in Hexes
  5641 | Ossuary  | Reached skill level 1 in Ice Magic
  5641 | Ossuary  | Reached XP level 9. HP: 61/61 MP: 3/13
  5826 | Ossuary  | Reached skill level 1 in Dodging
  6957 | D:5      | Found a stormy altar of Qazlal.
  6971 | D:5      | Noticed Sigmund
  6978 | D:5      | Killed Sigmund
  7262 | D:5      | Identified the +7 dagger "Gyvis" {spect, rN+}
  7285 | D:5      | Found a staircase to the Ecumenical Temple.
  7323 | Temple   | Entered the Ecumenical Temple
  7820 | D:6      | Found an opulent altar of Gozag.
  8415 | D:6      | Found a shimmering blue altar of Sif Muna.
  8783 | D:6      | Learned a level 3 spell: Summon Guardian Golem
  9221 | D:7      | Reached skill level 1 in Summonings
  9221 | D:7      | Reached XP level 10. HP: 68/68 MP: 9/14
  9276 | D:7      | Identified the +4 falchion "Urino" {holy, rPois Int+4}
  9326 | D:7      | Found a blossoming altar of Fedhas.
  9515 | D:7      | Found a shadowy altar of Dithmenos.
  9555 | D:7      | Reached skill level 10 in Stealth
  9904 | D:6      | Learned a level 3 spell: Call Canine Familiar
 10449 | D:8      | Found an ancient bone altar of Kikubaaqudgha.
 10713 | D:8      | HP: 3/69 [gnoll/+0 halberd[a gnoll bouda] (10)]
 11076 | D:8      | Noticed Maggie
 11386 | D:8      | Killed Maggie
 11549 | D:8      | Found an iron altar of Okawaru.
 12361 | D:8      | Noticed Joseph
 12394 | D:8      | Killed Joseph
 12395 | D:8      | Reached skill level 5 in Hexes
 12395 | D:8      | Reached skill level 5 in Summonings
 12498 | D:8      | Found a shimmering altar of Xom.
 12892 | D:8      | Found a broken altar of Ashenzari.
 13333 | D:6      | Fell from the grace of Ignis
 13333 | D:6      | Became a worshipper of Gozag Ym Sagoz the Greedy
 13559 | D:9      | Noticed a two-headed ogre
 13586 | D:9      | Reached XP level 11. HP: 75/75 MP: 7/17
 13606 | D:9      | Killed a two-headed ogre
 14197 | D:9      | Found a hide-covered altar of Uskayaw.
 14431 | D:10     | Entered Level 10 of the Dungeon
 14470 | D:10     | Found a flagged portal.
 14482 | Bailey   | Entered a bailey
 15335 | Bailey   | Found an iron altar of Okawaru.
 15490 | D:10     | Found a sacrificial altar of Ru.
 15491 | D:10     | Found a radiant altar of Vehumet.
 15491 | D:10     | Found a sparkling altar of Nemelex Xobeh.
 15492 | D:10     | Found a glowing silver altar of Zin.
 15716 | D:10     | Found a glowing golden altar of the Shining One.
 16222 | D:10     | Reached skill level 5 in Spellcasting
 16411 | D:10     | You are sucked into a shaft and drop 1 floor!
 16457 | D:11     | Noticed a boulder beetle
 16462 | D:11     | Killed a boulder beetle
 16761 | D:11     | Bought 2 potions of curing for 66 gold pieces
 16761 | D:11     | Bought a scroll of blinking for 82 gold pieces
 16764 | D:11     | Bought a scroll of identify for 22 gold pieces
 16764 | D:11     | Bought a lightning rod (4/4) for 330 gold pieces
 17022 | D:11     | Reached skill level 5 in Evocations
 17410 | D:10     | You are sucked into a shaft and drop 1 floor!
 17410 | D:11     | Was forgiven by Ignis
 17824 | D:10     | Identified the +8 hand axe of the Devouring Jester {drain,
                  | Int+3 Dex+2}
 18787 | D:11     | Reached XP level 12. HP: 79/82 MP: 4/19
 18986 | D:11     | Found a staircase to the Lair.
 19039 | D:11     | Noticed a two-headed ogre
 19053 | D:11     | Killed a two-headed ogre
 19312 | Lair:1   | Entered Level 1 of the Lair of Beasts
 19321 | Lair:1   | Learned a level 5 spell: Lightning Bolt
 19328 | Lair:1   | Reached skill level 1 in Air Magic
 19332 | Lair:1   | Reached skill level 1 in Conjurations
 20229 | Lair:1   | Noticed a six-headed hydra
 20735 | Lair:1   | Killed a six-headed hydra
 20736 | Lair:1   | Reached skill level 5 in Conjurations
 20736 | Lair:1   | Reached skill level 5 in Air Magic
 22571 | Lair:2   | Reached XP level 13. HP: 70/88 MP: 8/20
 22702 | Lair:2   | Found a staircase to the Snake Pit.
 23600 | Lair:2   | HP: 1/88 [komodo dragon (17)]
 25225 | Lair:3   | Found a staircase to the Shoals.
 26550 | D:12     | Noticed Rupert
 26572 | D:12     | Paralysed by Rupert for 2 turns
 26581 | D:12     | Killed Rupert
 26586 | D:12     | Noticed Josephine
 26612 | D:12     | Killed Josephine
 27390 | D:12     | Reached skill level 10 in Conjurations
 27817 | D:12     | Noticed Maurice
 27818 | D:12     | Killed Maurice
 28247 | D:12     | Found a staircase to the Orcish Mines.
 28331 | Orc:1    | Entered Level 1 of the Orcish Mines
 28331 | Orc:1    | Found a runed translucent door.
 28369 | Orc:1    | Noticed middlethird's ghost (journeyman VSIE)
 28401 | Orc:1    | Killed middlethird's ghost
 28402 | Orc:1    | Reached XP level 14. HP: 73/94 MP: 2/24
 28541 | Orc:1    | You are sucked into a shaft and drop 1 floor!
 28541 | Orc:2    | Entered Level 2 of the Orcish Mines
 28938 | Orc:2    | Found Lusegomu's Antique Armour Shoppe.
 29927 | Orc:1    | Found Tobug's Antique Weapon Emporium.
 30405 | Orc:2    | Found Tahu's Weapon Emporium.
 31543 | Orc:2    | Noticed an orc warlord
 31577 | Orc:2    | Killed an orc warlord
 32121 | Orc:2    | Found a staircase to the Elven Halls.
 32954 | Orc:2    | Found Roummaex's Antique Weapon Boutique.
 32956 | Orc:2    | Found Dimeaxt's Antique Armour Shop.
 33054 | Orc:1    | Bought a faintly glowing short sword for 224 gold pieces
 33054 | Orc:1    | Identified the +4 short sword "Eqielaibay" {vorpal, rN+}
                  | (You bought it in a shop on level 1 of the Orcish Mines)
 33134 | D:11     | Bought a scroll of teleportation for 33 gold pieces
 33263 | Lair:1   | Bought a book of the Spheres for 648 gold pieces
 33269 | Lair:1   | Learned a level 5 spell: Fireball
 33271 | Lair:1   | Bought a scroll of blinking for 97 gold pieces
 33369 | Lair:4   | Reached skill level 1 in Shields
 33939 | Lair:4   | Found a viscous altar of Jiyva.
 33945 | Lair:4   | Learned a level 3 spell: Swiftness
 33946 | Lair:4   | Found a staircase to the Slime Pits.
 36506 | Lair:5   | Entered Level 5 of the Lair of Beasts
 36653 | Lair:5   | Found a gate leading to a gauntlet.
 36683 | Gauntlet | Entered a Gauntlet
 36683 | Gauntlet | Found a transporter.
 36683 | Gauntlet | Found a transporter.
 36685 | Gauntlet | Found a transporter.
 36686 | Gauntlet | Found a transporter.
 36687 | Gauntlet | Found a transporter.
 36689 | Gauntlet | Found a large runed translucent door.
 36690 | Gauntlet | Found a large runed translucent door.
 36691 | Gauntlet | Found a large runed translucent door.
 36691 | Gauntlet | Found a large runed translucent door.
 36691 | Gauntlet | Found a runed translucent door.
 36691 | Gauntlet | Found a runed translucent door.
 36692 | Gauntlet | Found a large runed translucent door.
 36692 | Gauntlet | Found a large runed translucent door.
 36692 | Gauntlet | Found a large runed translucent door.
 36692 | Gauntlet | Found a large runed translucent door.
 36693 | Gauntlet | Found a large runed translucent door.
 36693 | Gauntlet | Found a large runed translucent door.
 36693 | Gauntlet | Found a large runed translucent door.
 36694 | Gauntlet | Found a large runed translucent door.
 36694 | Gauntlet | Found a large runed translucent door.
 36694 | Gauntlet | Found a large runed translucent door.
 36694 | Gauntlet | Found a large runed translucent door.
 36694 | Gauntlet | Found a large runed translucent door.
 36697 | Gauntlet | Found a runed translucent gate.
 36697 | Gauntlet | Found a runed translucent gate.
 36697 | Gauntlet | Found a runed translucent gate.
 36698 | Gauntlet | Found a transporter.
 36776 | Gauntlet | Identified the ring of Xom's Full Attention {rF+ rC+ rCorr
                  | Str+2}
 36806 | Gauntlet | Found a transporter.
 36830 | Gauntlet | Found a transporter.
 36843 | Gauntlet | Identified the amulet "Kissoeth" {RegenMP Fragile rN+
                  | Dex+5}
 36955 | Gauntlet | Gained mutation: You are frail. (-10% HP) [potion of
                  | mutation]
 36955 | Gauntlet | Gained mutation: You are weak. (Str -2) [potion of
                  | mutation]
 36955 | Gauntlet | Lost mutation: You are weak. (Str -2) [potion of mutation]
 36956 | Gauntlet | Lost mutation: You are frail. (-10% HP) [potion of
                  | mutation]
 36956 | Gauntlet | Gained mutation: You occasionally lose the ability to drink
                  | potions when taking damage. [potion of mutation]
 36956 | Gauntlet | Gained mutation: You do not regenerate when monsters are
                  | visible. [potion of mutation]
 36957 | Gauntlet | Lost mutation: You occasionally lose the ability to drink
                  | potions when taking damage. [potion of mutation]
 36957 | Gauntlet | Lost mutation: You do not regenerate when monsters are
                  | visible. [potion of mutation]
 36957 | Gauntlet | Gained mutation: You are weak. (Str -2) [potion of
                  | mutation]
 36957 | Gauntlet | Gained mutation: Your mind is acute. (Int +4, Str/Dex -1)
                  | [potion of mutation]
 36985 | Gauntlet | Found a transporter.
 37019 | Gauntlet | Got the Grimoire of Necromancy
 37020 | Gauntlet | Identified the +0 cloak "Waarec" {-Tele rC+ Int+2 Dex+2}
 37058 | Gauntlet | Identified the +6 battleaxe "Pimoahac" {drain, rC++}
 37156 | Lair:5   | Found a dark tunnel.
 37165 | Volcano  | Entered a volcano
 37605 | Volcano  | Reached XP level 15. HP: 99/99 MP: 13/27
 37733 | Volcano  | Got the Grimoire of Evolution and Envenoming
 37853 | Lair:5   | Found a runed translucent door.
 37861 | Lair:5   | Found a shimmering altar of Xom.
 37861 | Lair:5   | Noticed Hildebrand's ghost (journeyman MiBe)
 37862 | Lair:5   | Identified the +1 bardiche of Mevodemn {chaos, rPois rC-
                  | Str+2 Int+9}
 37943 | Lair:5   | Slain by a seven-headed hydra

Illustrated notes

Levels and vault maps discovered:
D:1:      roderic_chinese_lattice_arrival, layout_loops_cross,
          shapermc_ecumenical_altar_venn
D:2:      layout_basic, basic_altar, chequers_jeans, uniq_terence
D:3:      layout_loops_ring, st_stairs_4
D:4:      layout_gridville, old_standard_altar, minmay_statues_item, uniq_ijyb,
          uniq_eustachio, uniq_menkaure
D:5:      layout_loops_cross, nicolae_qazlal_scattered_showers,
          minmay_temple_entry_hall, nicolae_ossuary_entry_catacombs,
          uniq_sigmund
D:6:      layout_gridville, nicolae_sif_muna_condensation,
          nicolae_gozag_seed_capital
D:7:      layout_basic, fedhas_altar_3, mainiacjoe_overflow_paths,
          minmay_misc_feat_x
D:8:      layout_rooms, okawaru_trees_2, amcnicky_altar_gilded,
          nicolae_overflow_hidden_temple, tgw_kikubaaqudgha, chequers_garden,
          uniq_maggie, uniq_joseph
D:9:      layout_cave_pools, marbit_many_paths
D:10:     layout_layer_cave, overflow_temple_1_default,
          chequers_temple_overflow_statue_of_worship, enter_bailey_4,
          evilmike_butchery
D:11:     layout_long_grid, grunt_lair_entry_orc_guard_hut, minivault_27,
          lemuel_flamethrower_2
D:12:     layout_loops_ring, orc_0_dummy, uniq_rupert, uniq_maurice,
          uniq_josephine
Temple:   hellmonk_temple_beads
Lair:1:   beast_lair_carwin_large_3, layout_misc_corridors,
          grunt_forest_large_clearings, infiniplex_staircase_pool_2
Lair:2:   layout_concentric_octagons, minmay_snake_entry_guardpost_small,
          infiniplex_staircase_pool
Lair:3:   layout_layer_cave, minmay_shoals_entry_hut, grunt_megastairs_2,
          serial_bayou_shore_a, lemuel_fruit_fields
Lair:4:   layout_cave_pods, nicolae_slime_entry_slimehenge, worms_lemuel,
          grunt_megastairs_5
Lair:5:   hellmonk_lair_end_abyssal_woods, layout_cave_pods,
          gauntlet_entry_generic, ebering_ghost_xom,
          lightli_volcano_entry_magma_tube
Orc:1:    cheibrodos_orc_guarddog, layout_caves, gammafunk_ghost_grave,
          serial_shops, nicolae_square_shop, bh_open_orc_temple
Orc:2:    grunt_orc_community_town_hall, layout_diamond_mine,
          grunt_orc_community_big_house_2, grunt_orc_community_big_house_1,
          grunt_orc_community_house_3, grunt_orc_community_house_3,
          grunt_orc_community_house_3, grunt_orc_community_house_3,
          grunt_orc_community_house_1, basic_altar, hangedman_feature_mirror

Skill      XL: |  1  2  3  4  5  6  7  8  9 10 11 12 13 14 |
---------------+-------------------------------------------+-----
Stealth        | 2 3 5 6 8 9 10 11 | 11.4
Necromancy     | 1 2 |  2.0
Spellcasting   | 2 3 4 5 7 8 |  8.4
Fire Magic     | 4 5 8 |  8.4
Throwing       | 2 3 4 |  4.0
Evocations     | 1 2 3 6 7 |  7.0
Fighting       | 4 5 6 7 8 |  8.0
Short Blades   | 5 6 7 |  7.0
Hexes          | 1 3 5 6 |  6.0
Ice Magic      | 1 3 4 |  4.0
Dodging        | 2 4 |  4.0
Summonings     | 1 6 7 8 |  8.6
Air Magic      | 6 8 |  8.0
Conjurations   | 6 10 11 | 11.0
Shields        | 4 |  4.0

Action                   |  1- 3 |  4- 6 |  7- 9 | 10-12 | 13-15 || total
-------------------------+-------+-------+-------+-------+-------++-------
Melee: Short sword       |    42 |       |       |       |       ||    42
       Tentacles         |    14 |     1 |    24 |    65 |   106 ||   210
       Constrict         |     8 |       |    21 |    37 |    75 ||   141
       Falchion          |     6 |     1 |       |       |     5 ||    12
       Dagger            |       |     6 |   120 |   321 |   342 ||   789
       Punch             |       |       |     6 |     5 |     2 ||    13
Throw: Boomerang         |       |    18 |    12 |    12 |       ||    42
       Dart              |       |     3 |    11 |    81 |    56 ||   151
 Cast: Necrotise         |    11 |     2 |       |       |       ||    13
       Scorch            |     8 |    27 |   106 |   140 |   135 ||   416
       Summon Guardian G |       |       |       |    58 |    86 ||   144
       Call Canine Famil |       |       |       |    93 |    87 ||   180
       Ensorcelled Hiber |       |       |       |     1 |       ||     1
       Lightning Bolt    |       |       |       |       |    61 ||    61
       Fireball          |       |       |       |       |    52 ||    52
Invok: Foxfire Swarm     |       |       |       |     6 |       ||     6
       Rising Flame      |       |       |       |     1 |       ||     1
       Call Merchant     |       |       |       |     1 |     3 ||     4
Evoke: Wand              |       |       |     2 |    17 |     4 ||    23
       Box of beasts     |       |       |       |     1 |     2 ||     3
       Lightning rod     |       |       |       |       |     3 ||     3
  Use: Scroll            |       |     7 |     9 |    16 |    15 ||    47
       Potion            |       |       |     7 |     5 |     9 ||    21
 Stab: Sleeping          |    11 |     1 |    16 |    22 |     9 ||    59
       Distracted        |       |       |       |     4 |    11 ||    15
Armor: Skin              |     7 |       |    13 |    23 |    21 ||    64
Dodge: Dodged            |    15 |     8 |    64 |   304 |   295 ||   686
Block: Buckler           |       |       |       |       |    21 ||    21
